 Dungeon Crawl Stone Soup version 0.17-a0-1655-g88a8506 (webtiles) character file.

86 kae the Chiller (level 4, 0/30 HPs)
             Began as a Merfolk Ice Elementalist on Aug 15, 2015.
             Hit by a tomahawk thrown by an orc (3 damage)
             ... on level 3 of the Dungeon.
             The game lasted 00:02:37 (1609 turns).

kae the Chiller (Merfolk Ice Elementalist)          Turns: 1609, Time: 00:02:37

Health: 0/30       AC:  4    Str:  8    XL:     4   Next: 49%
Magic:  6/8        EV: 13    Int: 15    God:
Gold:   116        SH:  0    Dex: 14    Spells: 2 memorised, 5 levels left

rFire  . . .     SeeInvis .     h - +1 spear
rCold  + . .     Clarity  .     a - +0 robe
rNeg   . . .     SustAt   .     (no shield)
rPois  .         Gourm    .     o - +1 hat
rElec  .         Spirit   .     r - +0 cloak
rCorr  .         Warding  .     (no gloves)
rMut   .         Stasis   .     (no boots)
MR     .....                    e - amulet of faith
Stlth  ++........               q - ring of protection from cold
                                (no ring)

@: very slightly contaminated, not resistant to hostile enchantments, unstealthy
A: change form in water, swift swim
a: no special abilities


You were on level 3 of the Dungeon.
You were hungry.

You visited 1 branch of the dungeon, and saw 3 of its levels.

You collected 116 gold pieces.

Inventory:

Hand weapons
 h - a +1 spear (weapon)
Armour
 a - a +0 robe (worn)
 o - a +1 hat (worn)
 r - a +0 cloak (worn)
Jewellery
 e - an amulet of faith (around neck)
 n - a cursed -3 ring of slaying {unknown}
 q - a ring of protection from cold (right hand)
Scrolls
 d - a scroll of identify
Potions
 g - 2 potions of agility
 k - a potion of brilliance {unknown}
 m - a potion of haste {unknown}
 p - a potion of ambrosia {unknown}
Books
 b - a book of Frost

   Spells                             Type                      Level
   a - Freeze                         Ice                          1
   b - Throw Frost                    Conjuration/Ice              2
   c - Ozocubu's Armour               Charms/Ice                   3
   d - Throw Icicle                   Conjuration/Ice              4
   e - Summon Ice Beast               Ice/Summoning                4
   f - Condensation Shield            Ice                          4
Comestibles
 c - 2 bread rations
 f - a royal jelly
 i - 3 beef jerkies
 j - 2 meat rations
 l - a chunk of flesh


   Skills:
 - Level 2.6 Dodging
 - Level 2.1 Stealth
 + Level 2.8 Spellcasting
 + Level 1.5 Conjurations
 * Level 4.6 Ice Magic


You had 5 spell levels left.
You knew the following spells:

 Your Spells              Type           Power        Failure   Level  Hunger
a - Freeze                Ice            ###.         3%          1    #......
b - Throw Frost           Conj/Ice       ##....       12%         2    ##.....


Dungeon Overview and Level Annotations

Branches:
Dungeon (3/15)

Altars:
Elyvilon

Annotations:
D:3 Grinder


Message History

You are very lightly contaminated with residual magic.
Nothing appears to happen.
The goblin shouts!
The orc hits you with a club.
* * * LOW HITPOINT WARNING * * *
The orc hits you from afar with a trident.
* * * LOW HITPOINT WARNING * * *
Grinder comes into view.
Casting: Freeze
Confirm with . or Enter, or press ? or * to list all spells.
Aiming: Freeze
Press: ? - help, Shift-Dir - straight line, f/p - orc
Aim: an orc, wielding a club You freeze the orc.
You kill the orc!
Grinder shouts!
Grinder moves out of view.
The orc throws a tomahawk.
The tomahawk barely misses you.
The orc throws a tomahawk.
The tomahawk hits you.
You die...

#####'#...# ##.........#
######..........#
#...............#
..#.###......####.#
..........[.....#.#####
....##..........#(....#
....##)...............#
....#.....#.....@.....#
....#.#.#.<.#.##o.....#
..#...#.....#+##....###
...............#...o#
...............#.....#
...............#.....g.
...............#........
...............#....#..5
########......##....#....


You could see Grinder, 2 orcs and a goblin.

Vanquished Creatures
  Crazy Yiuf (D:2)
  3 adders
  An orc (D:3)
  2 giant cockroaches
  3 goblins
  4 hobgoblins
  6 kobolds
  5 bats
  2 giant newts (D:1)
  5 rats
32 creatures vanquished.

Notes
Turn   | Place    | Note
--------------------------------------------------------------
     0 | D:1      | kae the Merfolk Ice Elementalist began the quest for the Orb.
     0 | D:1      | Reached XP level 1. HP: 13/13 MP: 3/3
   435 | D:1      | Reached XP level 2. HP: 17/19 MP: 1/5
   633 | D:1      | Reached skill level 4 in Ice Magic
  1025 | D:2      | Learned a level 2 spell: Throw Frost
  1309 | D:2      | Reached skill level 1 in Conjurations
  1309 | D:2      | Reached XP level 3. HP: 20/24 MP: 2/6
  1331 | D:2      | Found a white marble altar of Elyvilon.
  1410 | D:2      | Noticed Crazy Yiuf
  1420 | D:2      | Killed Crazy Yiuf
  1420 | D:2      | Reached XP level 4. HP: 20/30 MP: 1/7
  1606 | D:3      | Noticed Grinder
  1609 | D:3      | Hit by a tomahawk thrown by an orc

Vault maps used:
D:1:      dpeg_arrival_rooms_c, nrook_uturn, hex_medium, minmay_box_of_dots
D:2:      lemuel_round_altar, uniq_crazy_yiuf_cottage
D:3:      uniq_grinder, uniq_iyjb, uniq_robin

Action                   |  1- 3 |  4- 6 || total
-------------------------+-------+-------++-------
Melee: Spear             |    37 |    12 ||    49
       Unarmed           |     1 |       ||     1
 Cast: Freeze            |    28 |     6 ||    34
  Use: Scroll            |     4 |       ||     4
 Stab: Sleeping          |     5 |     2 ||     7
       Distracted        |     1 |       ||     1
  Eat: Chunk             |     1 |     1 ||     2
